 Dungeon Crawl Stone Soup version 0.17-a0-1945-gfe993df (webtiles) character file.

1316 esc the Insei (level 8, -2/54 HPs)
             Began as an Octopode Transmuter on Sept 30, 2015.
             Was a Priest of Cheibriados.
             Slain by a killer bee (9 damage)
             ... on level 7 of the Dungeon.
             The game lasted 00:13:41 (7738 turns).

esc the Insei (Octopode Transmuter)                 Turns: 7738, Time: 00:13:42

Health: -2/54      AC:  2    Str: 17    XL:     8   Next: 59%
Magic:  12/14      EV: 25    Int: 24    God:    Cheibriados [***...]
Gold:   376        SH:  0    Dex: 24    Spells: 4 memorised, 7 levels left

rFire  . . .     SeeInvis .       - Unarmed
rCold  . . .     Clarity  .     (shield currently unavailable)
rNeg   . . .     SustAt   .     (helmet currently unavailable)
rPois  x         Gourm    .     (no amulet)
rElec  .         Spirit   .     (no ring)
rCorr  .         Warding  .     (no ring)
rMut   .         Stasis   .     (no ring)
MR     .....                    (no ring)
Stlth  ++........               (no ring)
                                (no ring)
                                (no ring)
                                (no ring)

@: lethally poisoned (-2 -> -28), spider-form (expiring), very slow, not
resistant to hostile enchantments, unstealthy
A: almost no armour, amphibious, 8 rings, (constrict 8), (camouflage 0),
(gelatinous body 0)
a: End Transformation, Bend Time, Temporal Distortion, Renounce Religion


You were on level 7 of the Dungeon.
You worshipped Cheibriados.
Cheibriados was most pleased with you.
You were not hungry.
You were a venomous arachnid creature.
You visited 1 branch of the dungeon, and saw 7 of its levels.

You collected 376 gold pieces.

Inventory:

Missiles
 a - 47 arrows
 e - 16 arrows of flame
 j - 10 arrows of dispersal {=f}
 v - 12 poisoned needles
 y - 2 throwing nets {=f, !d}
Magical devices
 u - a wand of frost (27)
   (You found it on level 4 of the Dungeon)
 w - a wand of draining (5)
   (You found it on level 6 of the Dungeon)
Scrolls
 h - 3 scrolls of remove curse
 l - a scroll of amnesia
 q - a scroll of enchant weapon
Potions
 d - a potion of cancellation {unknown}
 g - a potion of agility
 i - a potion of haste {unknown}
 k - a potion of ambrosia {unknown}
 n - 4 potions of heal wounds {unknown}
 r - a potion of flight {unknown}
 s - a potion of resistance
Books
 b - a book of Changes
 t - a book of Dreams
   (You found it on level 4 of the Dungeon)
Comestibles
 c - 3 bread rations {@e1}
 f - 5 meat rations {@e2}
 m - a beef jerky
 p - a fruit


   Skills:
 + Level 4.4 Fighting
 + Level 4.6 Dodging
 + Level 5.5 Unarmed Combat
 + Level 4.4 Spellcasting
 + Level 5.1 Transmutations


You had 7 spell levels left.
You knew the following spells:

 Your Spells              Type           Power        Failure   Level  Hunger
a - Beastly Appendage     Trmt           ####..       6%          1    None
b - Ensorcelled Hibernat  Hex/Ice        #.....       32%         2    None
c - Spider Form           Trmt/Pois      ###.......   28%         3    ##.....
s - Sticks to Snakes      Trmt           ####......   8%          2    None


Dungeon Overview and Level Annotations

Branches:
Dungeon (7/15)
 Temple: D:4-7

Altars:
Cheibriados
Dithmenos
Qazlal
Sif Muna
Zin

Annotations:
D:4 exclusion: ogre
D:5 exclusions: Blork the orc and centaur, Blork the orc
D:6 exclusions: electric eel, steam dragon and 1 more exclusion


Innate Abilities, Weirdness & Mutations

You cannot wear most types of armour.
You are amphibious.
You can wear up to eight rings at the same time.
((You can use your tentacles to constrict eight enemies at once.))
((Your skin changes colour to match your surroundings (Stealth).))
((Your rubbery body absorbs attacks (AC +1).))


Message History

You tentacle-slap the centaur. You squeeze the centaur! The centaur misses you.
You barely miss the centaur. The centaur barely misses you.
You tentacle-slap the centaur. The centaur barely misses you.
The centaur closely misses you.
You barely miss the centaur. You tentacle-slap the centaur.
Your squeeze misses the centaur. The centaur barely misses you.
You barely miss the centaur. You squeeze the centaur.
The centaur closely misses you.
You bludgeon the centaur!
You kill the centaur!
Cheibriados appreciates the change of pace.
e - 16 arrows of flame You see here a shortbow.
There isn't anything to butcher here.
The electric eel is too close now for your liking.
Health restored: 54
Things that are here:
a chain mail; a hand axe
There is a stone staircase leading down, spattered with blood here.
You climb downwards.
There is a stone staircase leading up, spattered with blood here.
You see here a mace.
A killer bee comes into view.
The killer bee moves out of view.
A killer bee comes into view.
The killer bee buzzes angrily.
A killer bee comes into view.
The killer bee barely misses you. The killer bee barely misses you.
The killer bee completely misses you.
Okay, then.
Aim: a killer bee (chance to defeat MR: 46%)
The killer bee looks drowsy...
You now have 12/14 mp.
The helpless killer bee fails to defend itself.
You tentacle-slap the killer bee. Your grab misses the killer bee.
The killer bee closely misses you. The killer bee barely misses you.
You tentacle-slap the killer bee. You grab the killer bee.
You constrict the killer bee, but do no damage.
The killer bee closely misses you. x2
You tentacle-slap the killer bee. You squeeze the killer bee.
You kill the killer bee!
Cheibriados thoroughly appreciates the change of pace.
Your Transmutations skill increases to level 5!
You start resting.
MP restored: 14
Found a stone staircase leading down.
a - 47 arrows (gained 15)
You start waiting.
The killer bee buzzes angrily. x2
The killer bee completely misses you. The killer bee stings you!
You take 7 damage, and have 47/54 hp.
The killer bee barely misses you. The killer bee closely misses you.
The killer bee stings you. x2
You take 5 damage, and have 42/54 hp.
The killer bee barely misses you. The killer bee stings you.
The killer bee stings you. The killer bee barely misses you.
The killer bee stings you. x2
You are poisoned.
The killer bee poisons you!
You take 10 damage, and have 32/54 hp.
You feel sick. The killer bee closely misses you. The killer bee misses you.
The killer bee misses you.
You turn into a venomous arachnid creature.
The killer bee buzzes angrily.
The killer bee closely misses you. The killer bee stings you!
You are more poisoned.
The killer bee poisons you!
You take 8 damage, and have 24/54 hp.
You now have 11/14 mp.
You hit the killer bee.
The killer bee is poisoned.
You feel sick. The killer bee completely misses you.
You take 1 damage, and have 23/54 hp.
You hit the killer bee.
The killer bee looks even sicker.
You feel sick.
You kill the killer bee!
Cheibriados thoroughly appreciates the change of pace.
The killer bee completely misses you.
You take 1 damage, and have 22/54 hp.
You barely miss the killer bee.
You feel sick. The killer bee completely misses you. The killer bee misses you.
You take 1 damage, and have 21/54 hp.
You hit the killer bee.
The killer bee is poisoned.
You feel sick. The killer bee closely misses you.
You take 1 damage, and have 20/54 hp.
You hit the killer bee.
You feel sick.
You kill the killer bee!
Cheibriados thoroughly appreciates the change of pace.
The killer bee barely misses you.
You bite the killer bee!
The killer bee is poisoned.
The killer bee stings you. The killer bee closely misses you.
You take 1 damage, and have 19/54 hp.
You barely miss the killer bee.
Your transformation is almost over.
You feel sick. The killer bee stings you.
* * * LOW HITPOINT WARNING * * *
The killer bee completely misses you.
You take 7 damage, and have 12/54 hp.
You barely miss the killer bee.
You feel sick. The killer bee stings you.
* * * LOW HITPOINT WARNING * * *
You are more poisoned.
The killer bee poisons you! The killer bee stings you!
You die...

#####. .. ....#.## ...
##....# ....
#.>...###..... #........#
##.....##.# #..##### .# ..
#.#... #y## y# #.##.#..
#s# .# #....#.## #.# .#
##.......## ###)# .#
##.........###.<.#######.#
.................).......#
#.............############
#.....<.....#.#
.#.........##.######
......#..............


You could see a killer bee.

Vanquished Creatures
  2 ogres (D:6)
  An orc warrior (D:6)
  A centaur (D:6)
  A giant frog (D:6)
  3 killer bees (D:7)
  2 crimson imps
  A hound (D:4)
  2 orc priests
  2 orc wizards (D:5)
  2 centaur zombies
  Crazy Yiuf (D:6)
  2 jellies
  A gnoll shaman (D:6)
  4 worker ants
  A hound zombie (D:6)
  9 gnolls
  6 adders
  A shadow imp (D:6)
  An adder skeleton (D:4)
  2 adder zombies (D:5)
  A worm (D:2)
  20 orcs
  2 giant cockroaches (D:2)
  10 goblins
  11 hobgoblins
  9 kobolds
  4 quokkas
  A ball python (D:3)
  9 bats
  4 giant geckos
  4 giant newts
  9 rats
129 creatures vanquished.

Vanquished Creatures (others)
  A fungus (D:6)
1 creature vanquished.

Grand Total: 130 creatures vanquished

Notes
Turn   | Place    | Note
--------------------------------------------------------------
     0 | D:1      | esc the Octopode Transmuter began the quest for the Orb.
     0 | D:1      | Reached XP level 1. HP: 13/13 MP: 3/3
   175 | D:1      | Reached XP level 2. HP: 12/18 MP: 5/5
   278 | D:1      | Learned a level 2 spell: Sticks to Snakes
   457 | D:1      | HP: 3/18 [kobold/club (6)]
   968 | D:1      | HP: 1/18 [hobgoblin (4)]
  1192 | D:1      | Reached XP level 3. HP: 16/23 MP: 6/6
  2153 | D:2      | Reached XP level 4. HP: 20/28 MP: 7/7
  2336 | D:2      | Found a snail-covered altar of Cheibriados.
  2343 | D:2      | Became a worshipper of Cheibriados the Contemplative
  2459 | D:3      | HP: 7/28 [hobgoblin/club (4)]
  3010 | D:3      | Found a faded altar to an unknown god.
  3144 | D:3      | Found a shadowy altar of Dithmenos.
  3274 | D:4      | You fall through a shaft!
  3274 | D:5      | Entered Level 5 of the Dungeon
  3345 | D:4      | Acquired Cheibriados's first power
  3345 | D:4      | Reached skill level 2 in Fighting
  3345 | D:4      | Reached skill level 4 in Unarmed Combat
  3345 | D:4      | Reached skill level 3 in Transmutations
  3345 | D:4      | Reached XP level 5. HP: 23/34 MP: 7/9
  3435 | D:4      | Noticed an ogre
  3530 | D:4      | Found a stormy altar of Qazlal.
  3569 | D:4      | Learned a level 2 spell: Ensorcelled Hibernation
  4015 | D:5      | Reached skill level 3 in Dodging
  4015 | D:5      | Reached XP level 6. HP: 28/40 MP: 10/10
  4206 | D:5      | HP: 14/60 [worker ant (2)]
  4210 | D:5      | Reached skill level 3 in Spellcasting
  4215 | D:5      | HP: 12/61 [orc (1)]
  4574 | D:5      | HP: 9/41 [adder (2)]
  4579 | D:5      | HP: 7/41 [adder zombie (2)]
  4920 | D:5      | Noticed a centaur
  4963 | D:5      | Found a glowing silver altar of Zin.
  5036 | D:5      | Noticed Blork the orc
  5172 | D:6      | Reached skill level 3 in Fighting
  5172 | D:6      | Reached skill level 4 in Transmutations
  5172 | D:6      | Reached XP level 7. HP: 18/46 MP: 10/12
  5384 | D:6      | HP: 11/46 [gnoll/enchanted spear (11)]
  5624 | D:6      | Learned a level 3 spell: Spider Form
  6160 | D:6      | Reached skill level 4 in Dodging
  6160 | D:6      | Reached skill level 5 in Unarmed Combat
  6508 | D:7      | Acquired Cheibriados's second power
  6508 | D:7      | Reached skill level 4 in Spellcasting
  6508 | D:7      | Reached XP level 8. HP: 31/53 MP: 12/14
  6549 | D:6      | HP: 2/53 [orc warrior/hand axe (15)]
  6877 | D:6      | Noticed Crazy Yiuf
  6885 | D:6      | Killed Crazy Yiuf
  6885 | D:6      | Reached skill level 4 in Fighting
  6930 | D:6      | Noticed a steam dragon
  7028 | D:6      | Found a deep blue altar of Sif Muna.
  7150 | D:7      | HP: 11/54 [worker ant (4)]
  7151 | D:7      | HP: 5/54 [worker ant (7)]
  7159 | D:7      | HP: 4/54 [poisoned by a worker ant]
  7168 | D:7      | HP: 4/54 [poisoned by a worker ant]
  7174 | D:7      | HP: 4/54 [poisoned by a worker ant]
  7180 | D:7      | HP: 4/54 [poisoned by a worker ant]
  7186 | D:7      | HP: 4/54 [poisoned by a worker ant]
  7670 | D:7      | Reached skill level 5 in Transmutations
  7737 | D:7      | HP: 12/54 [killer bee (6)]
  7738 | D:7      | Slain by a killer bee

Vault maps used:
D:1:      grunt_arrival_crossed_arrows, columned_hall_lemuel
D:2:      cheibriados_altar_1
D:3:      nicolae_dithmenos_through_a_glass_darkly, ecumenical_altar_1
D:4:      dk_noncrumbling_4, grunt_qazlal_clouds
D:5:      zin_academy, first_bread, tgw_xom, uniq_blork_the_orc
D:6:      kennysheep_steamy, old_standard_altar, serial_bayou_lagoon_b,
          uniq_crazy_yiuf_cottage
D:7:      grunt_temple_overflow_diamond, gammafunk_temple_overflow_claw,
          minmay_temple_entry_enclosed_plants

Action                   |  1- 3 |  4- 6 |  7- 9 || total
-------------------------+-------+-------+-------++-------
Melee: Unarmed           |    98 |   143 |   133 ||   374
 Cast: Beastly Appendage |     2 |     4 |     6 ||    12
       Spider Form       |       |       |     5 ||     5
       Ensorcelled Hiber |       |       |     1 ||     1
  Use: Scroll            |     6 |     4 |       ||    10
       Potion            |       |     4 |     3 ||     7
 Stab: Sleeping          |     9 |     4 |     3 ||    16
       Distracted        |       |     1 |       ||     1
  Eat: Chunk             |     4 |     6 |     3 ||    13
       Pizza             |       |       |     1 ||     1

Vault maps used:
D:1:      grunt_arrival_crossed_arrows, columned_hall_lemuel
D:2:      cheibriados_altar_1
D:3:      nicolae_dithmenos_through_a_glass_darkly, ecumenical_altar_1
D:4:      dk_noncrumbling_4, grunt_qazlal_clouds
D:5:      zin_academy, first_bread, tgw_xom, uniq_blork_the_orc
D:6:      kennysheep_steamy, old_standard_altar, serial_bayou_lagoon_b,
          uniq_crazy_yiuf_cottage
D:7:      grunt_temple_overflow_diamond, gammafunk_temple_overflow_claw,
          minmay_temple_entry_enclosed_plants

Table legend:
 A = Turns spent in this place as a percentage of turns spent in the entire game.
 B = Non-inter-level travel turns spent in this place as a percentage of non-inter-level travel turns spent in the entire game.
 C = Inter-level travel turns spent in this place as a percentage of turns spent in this place.
 D = Turns resting spent in this place as a percentage of non-inter-level travel turns spent in this place.
 E = Turns spent auto-exploring this place as a percentage of non-inter-level travel turns spent in this place.
 F = Non-inter-level travel turns spent in this place divided by the number of levels of this place that you've seen.
                   A       B       C       D       E      F
               +-------+-------+-------+-------+-------+----------------------
         Total | 100.0 | 100.0 |   0.5 |   5.9 |   9.5 | 215.3
       Dungeon | 100.0 | 100.0 |   0.5 |   5.9 |   9.5 | 215.3
               +-------+-------+-------+-------+-------+----------------------

Table legend:
 A = Kills in this place as a percentage of kills in entire the game.
 B = Kills by you in this place as a percentage of kills by you in the entire game.
 C = Kills by friends in this place as a percentage of kills by friends in the entire game.
 D = Other kills in this place as a percentage of other kills in the entire game.
 E = Experience gained in this place as a percentage of experience gained in the entire game.
 F = Experience gained in this place divided by the number of levels of this place that you have seen.
                   A       B       C       D       E      F
               +-------+-------+-------+-------+-------+----------------------
         Total | 100.0 | 100.0 |  -nan |  -nan | 100.0 | 268.7
       Dungeon | 100.0 | 100.0 |  -nan |  -nan | 100.0 | 268.7
               +-------+-------+-------+-------+-------+----------------------
